3AAA
ATHLETIC CLUB KC RESERVES @ SALT LAKE CITY BUZZ
09/14/2041
 
TOP OF THE 1ST
Athletic Club KC Reserves batting - Pitching for Salt Lake City Buzz : RHP Alfredo Molina
Pitching: RHP Alfredo Molina
Batting: SHB Noel Lancaster 0-0: Ground out U3 (Groundball, 34, EV 105.6 MPH)
Batting: LHB Rafael Padilla 0-0: Ball
1-0: Foul Ball, location: 2F
1-1: Ball
2-1: Called Strike
2-2: Ball
3-2: Strikes out looking
Batting: RHB Dick Barnett 0-0: Ball
1-0: Swinging Strike
1-1: Swinging Strike
1-2: Strikes out swinging
Top of the 1st over - 0 runs, 0 hits, 0 errors, 0 left on base; Athletic Club KC 0 - Salt Lake City 0
BOTTOM OF THE 1ST
Salt Lake City Buzz batting - Pitching for Athletic Club KC Reserves : RHP Brenton Jenkins
Pitching: RHP Brenton Jenkins
Batting: LHB Glenn Lockhart 0-0: Ball
1-0: Ground out 3-1 (Groundball, 34, EV 103.8 MPH)
Batting: LHB Antoine Studdard 0-0: Ball
1-0: Ball
2-0: Called Strike
2-1: Fly out, F7 (Flyball, 7S, EV 95.6 MPH)
Batting: RHB Vinnie Nuyten 0-0: Ball
1-0: Ball
2-0: Ball
3-0: Called Strike
3-1: Base on Balls
Batting: LHB Doyle Berkey 0-0: Called Strike
0-1: Ball
1-1: Foul Ball, location: 2F
1-2: Ball
2-2: Ground out 4-3 (Groundball, 34, EV 104.4 MPH)
Bottom of the 1st over - 0 runs, 0 hits, 0 errors, 1 left on base; Athletic Club KC 0 - Salt Lake City 0
TOP OF THE 2ND
Athletic Club KC Reserves batting - Pitching for Salt Lake City Buzz : RHP Alfredo Molina
Batting: LHB Todd Baker 0-0: Ball
1-0: Foul Ball, location: 2F
1-1: Called Strike
1-2: Ground out 4-3 (Groundball, 34, EV 101.9 MPH)
Batting: RHB Angeddy Almanzar 0-0: Called Strike
0-1: Fly out, F9 (Flyball, 9LM, EV 108.1 MPH)
Batting: RHB Mhelter Gaston 0-0: Swinging Strike
0-1: Called Strike
0-2: Ball
1-2: Ball
2-2: Strikes out looking
Top of the 2nd over - 0 runs, 0 hits, 0 errors, 0 left on base; Athletic Club KC 0 - Salt Lake City 0
BOTTOM OF THE 2ND
Salt Lake City Buzz batting - Pitching for Athletic Club KC Reserves : RHP Brenton Jenkins
Batting: RHB César Vélez 0-0: Ball
1-0: Foul Ball, location: 2F
1-1: Called Strike
1-2: Ball
2-2: Ball
3-2: Fly out, F8 (Flyball, 8RXD, EV 89.4 MPH)
Batting: SHB Cheong-hun Kang 0-0: Ground out 6-3 (Groundball, 6M, EV 106.2 MPH)
Batting: RHB Fontana Contaldo 0-0: Ball
1-0: Foul Ball, location: 2F
1-1: Ball
2-1: Foul Ball, location: 2F
2-2: SINGLE (Groundball, 6MD, EV 105.0 MPH)
Batting: RHB Ernesto Rivera 0-0: Called Strike
0-1: Ground out 1-3 (Groundball, 15, EV 88.1 MPH)
Bottom of the 2nd over - 0 runs, 1 hit, 0 errors, 1 left on base; Athletic Club KC 0 - Salt Lake City 0
TOP OF THE 3RD
Athletic Club KC Reserves batting - Pitching for Salt Lake City Buzz : RHP Alfredo Molina
Batting: RHB Gabriel Camparán 0-0: Ball
1-0: Swinging Strike
1-1: Ball
2-1: Foul Ball, location: 2F
2-2: Ground out U3 (Groundball, 34, EV 107.5 MPH)
Batting: LHB Ted Reed 0-0: Foul Ball, location: 2F
0-1: Ball
1-1: Ball
2-1: Ball
3-1: Base on Balls
Batting: SHB Miguel Villa 0-0: Swinging Strike
0-1: Foul Ball, location: 2F
0-2: Strikes out swinging
Batting: SHB Noel Lancaster 0-0: Swinging Strike
0-1: Fly out, F9 (Line Drive, 89S, EV 97.5 MPH)
Top of the 3rd over - 0 runs, 0 hits, 0 errors, 1 left on base; Athletic Club KC 0 - Salt Lake City 0
BOTTOM OF THE 3RD
Salt Lake City Buzz batting - Pitching for Athletic Club KC Reserves : RHP Brenton Jenkins
Batting: RHB Alexis Hines 0-0: Ball
1-0: Called Strike
1-1: Swinging Strike
1-2: Foul Ball, location: 2F
1-2: Ball
2-2: Ground out 1-3 (Groundball, 25, EV 66.9 MPH)
Batting: LHB Glenn Lockhart 0-0: Swinging Strike
0-1: Ball
1-1: Swinging Strike
1-2: Ball
2-2: Ball
3-2: TRIPLE (Flyball, 78XD, EV 102.5 MPH)
Batting: LHB Antoine Studdard 0-0: Foul Ball, location: 2F
0-1: DOUBLE (Groundball, 5L, EV 103.8 MPH)
Glenn Lockhart scores
Batting: RHB Vinnie Nuyten 0-0: Fly out, F8 (Flyball, 8RM, EV 79.4 MPH)
Batting: LHB Doyle Berkey 0-0: Called Strike
0-1: Fly out, F7 (Flyball, 78S, EV 90.0 MPH)
Bottom of the 3rd over - 1 run, 2 hits, 0 errors, 1 left on base; Athletic Club KC 0 - Salt Lake City 1
TOP OF THE 4TH
Athletic Club KC Reserves batting - Pitching for Salt Lake City Buzz : RHP Alfredo Molina
Batting: LHB Rafael Padilla 0-0: Foul Ball, location: 2F
0-1: Ground out 1-3 (Groundball, 13, EV 86.9 MPH)
Batting: RHB Dick Barnett 0-0: Reached on error, E6 (Groundball, 6, EV 91.2 MPH)
Batting: LHB Todd Baker 0-0: Ball
1-0: Ball
2-0: Foul Ball, location: 2F
2-1: Ball
3-1: Swinging Strike
3-2: Fly out, F9 (Flyball, 9S, EV 87.5 MPH)
Batting: RHB Angeddy Almanzar 0-0: Ball
1-0: Foul Ball, location: 2F
1-1: Fielders Choice at 2nd, 6-4 (Groundball, 6, EV 109.4 MPH)
Top of the 4th over - 0 runs, 0 hits, 1 error, 1 left on base; Athletic Club KC 0 - Salt Lake City 1
BOTTOM OF THE 4TH
Salt Lake City Buzz batting - Pitching for Athletic Club KC Reserves : RHP Brenton Jenkins
Batting: RHB César Vélez 0-0: Ball
1-0: Ball
2-0: Fly out, F9 (Line Drive, 9D, EV 100.0 MPH)
Batting: SHB Cheong-hun Kang 0-0: Called Strike
0-1: Fly out, F8 (Flyball, 8LS, EV 81.9 MPH)
Batting: RHB Fontana Contaldo 0-0: Called Strike
0-1: Ground out 6-3 (Groundball, 6, EV 98.8 MPH)
Bottom of the 4th over - 0 runs, 0 hits, 0 errors, 0 left on base; Athletic Club KC 0 - Salt Lake City 1
TOP OF THE 5TH
Athletic Club KC Reserves batting - Pitching for Salt Lake City Buzz : RHP Alfredo Molina
Batting: RHB Mhelter Gaston 0-0: Ball
1-0: Foul Ball, location: 2F
1-1: Ball
2-1: Swinging Strike
2-2: Ball
3-2: Foul Ball, location: 2F
3-2: SINGLE (Groundball, 34D, EV 106.2 MPH)
Batting: RHB Gabriel Camparán 0-0: Foul Ball, location: 2F
0-1: Swinging Strike
0-2: Strikes out swinging
Batting: LHB Ted Reed 0-0: Ball
Mhelter Gaston is caught stealing 2nd base 2-6
1-0: Ball
2-0: Ball
3-0: Base on Balls
Batting: SHB Miguel Villa 0-0: Called Strike
0-1: Foul Ball, location: 2F
0-2: Foul Ball, location: 2F
0-2: Foul Ball, location: 2F
0-2: Foul Ball, location: 2F
0-2: SINGLE (Line Drive, 4D, EV 105.0 MPH)
Ted Reed to second
Batting: SHB Noel Lancaster 0-0: Ball
1-0: Foul Ball, location: 2F
1-1: Ball
2-1: Ball
3-1: Called Strike
3-2: Foul Ball, location: 2F
3-2: Strikes out looking
Top of the 5th over - 0 runs, 2 hits, 0 errors, 2 left on base; Athletic Club KC 0 - Salt Lake City 1
BOTTOM OF THE 5TH
Salt Lake City Buzz batting - Pitching for Athletic Club KC Reserves : RHP Brenton Jenkins
Batting: RHB Ernesto Rivera 0-0: Ball
1-0: Ball
2-0: Ball
3-0: Called Strike
3-1: Fly out, F4 (Popup, 4S, EV 73.1 MPH)
Batting: RHB Alexis Hines 0-0: Called Strike
0-1: Ball
1-1: Fly out, F4 (Popup, 23, EV 90.6 MPH)
Batting: LHB Glenn Lockhart 0-0: Called Strike
0-1: Ball
1-1: Ground out 1-3 (Groundball, 13, EV 86.9 MPH)
Bottom of the 5th over - 0 runs, 0 hits, 0 errors, 0 left on base; Athletic Club KC 0 - Salt Lake City 1
TOP OF THE 6TH
Athletic Club KC Reserves batting - Pitching for Salt Lake City Buzz : RHP Alfredo Molina
Batting: LHB Rafael Padilla 0-0: SINGLE (Groundball, 4MD, EV 98.1 MPH)
Batting: RHB Dick Barnett 0-0: Ball
1-0: Ball
2-0: Called Strike
2-1: Ball
Rafael Padilla is caught stealing 2nd base 2-4
3-1: Swinging Strike
3-2: Fly out, F8 (Flyball, 8RD, EV 91.9 MPH)
Batting: LHB Todd Baker 0-0: Ball
1-0: Ball
2-0: Foul Ball, location: 2F
2-1: Ball
3-1: Base on Balls
Batting: RHB Angeddy Almanzar 0-0: Called Strike
Todd Baker steals 2nd base
0-1: Ball
1-1: Ball
2-1: Ball
3-1: Base on Balls
Batting: RHB Mhelter Gaston 0-0: Foul Ball, location: 2F
0-1: Foul Ball, location: 2F
0-2: DOUBLE (Flyball, 8RD, EV 91.9 MPH)
Todd Baker scores
Angeddy Almanzar to third
Runner from 3rd tries for Home, SAFE, no throw by CF
Batting: RHB Gabriel Camparán 0-0: Ball
1-0: Ball
2-0: Ground out U3 (Groundball, 3L, EV 89.4 MPH)
Top of the 6th over - 2 runs, 2 hits, 0 errors, 1 left on base; Athletic Club KC 2 - Salt Lake City 1
BOTTOM OF THE 6TH
Salt Lake City Buzz batting - Pitching for Athletic Club KC Reserves : RHP Brenton Jenkins
Batting: LHB Antoine Studdard 0-0: SOLO HOME RUN (Line Drive, 7D, EV 100.6 MPH), Distance : 389 ft
Batting: RHB Vinnie Nuyten 0-0: Swinging Strike
0-1: Foul Ball, location: 2F
0-2: SINGLE (Groundball, 56S, EV 68.8 MPH) (infield hit)
Batting: LHB Doyle Berkey 0-0: Ball
1-0: Ball
2-0: Fly out, F8 (Flyball, 8RM, EV 86.2 MPH)
Batting: RHB César Vélez 0-0: Grounds into double play, 6-4-3 (Groundball, 6, EV 104.4 MPH)
Bottom of the 6th over - 1 run, 2 hits, 0 errors, 0 left on base; Athletic Club KC 2 - Salt Lake City 2
TOP OF THE 7TH
Athletic Club KC Reserves batting - Pitching for Salt Lake City Buzz : RHP Alfredo Molina
Pitching: LHP Tony Smehrik
Batting: LHB Ted Reed 0-0: Called Strike
0-1: Ground out 4-3 (Groundball, 4, EV 88.8 MPH)
Batting: SHB Miguel Villa 0-0: Ball
1-0: Ball
2-0: Ball
3-0: Base on Balls
Batting: SHB Noel Lancaster 0-0: Foul Ball, location: 2F
0-1: Ball
1-1: Ball
2-1: Swinging Strike
2-2: Foul Ball, location: 2F
2-2: Strikes out swinging
Batting: LHB Rafael Padilla 0-0: Called Strike
0-1: Foul Ball, location: 2F
0-2: Foul Ball, location: 2F
0-2: Ball
1-2: Strikes out swinging
Top of the 7th over - 0 runs, 0 hits, 0 errors, 1 left on base; Athletic Club KC 2 - Salt Lake City 2
BOTTOM OF THE 7TH
Salt Lake City Buzz batting - Pitching for Athletic Club KC Reserves : RHP Brenton Jenkins
Batting: SHB Cheong-hun Kang 0-0: Called Strike
0-1: Foul Ball, location: 2F
0-2: Fly out, F8 (Flyball, 8RS, EV 76.9 MPH)
Batting: RHB Fontana Contaldo 0-0: Called Strike
0-1: Fly out, F4 (Popup, 3S, EV 73.8 MPH)
Batting: RHB Ernesto Rivera 0-0: Ball
1-0: Swinging Strike
1-1: Fly out, F8 (Flyball, 78D, EV 103.1 MPH)
Bottom of the 7th over - 0 runs, 0 hits, 0 errors, 0 left on base; Athletic Club KC 2 - Salt Lake City 2
TOP OF THE 8TH
Athletic Club KC Reserves batting - Pitching for Salt Lake City Buzz : LHP Tony Smehrik
Pitching: RHP Gary Podell
Batting: RHB Dick Barnett 0-0: Called Strike
0-1: Ball
1-1: Foul Ball, location: 2F
1-2: Ball
2-2: Foul Ball, location: 2F
2-2: Foul Ball, location: 2F
2-2: SINGLE (Line Drive, 8LS, EV 103.1 MPH)
Batting: LHB Todd Baker 0-0: Called Strike
0-1: Called Strike
0-2: Ball
1-2: Fielders Choice at 2nd, 1-6 (Groundball, P, EV 85.6 MPH)
Batting: RHB Angeddy Almanzar 0-0: SINGLE (Groundball, 56D, EV 103.8 MPH)
Todd Baker to second
Batting: RHB Mhelter Gaston 0-0: Fielders Choice at 2nd, 5-4 (Groundball, 56, EV 91.9 MPH)
Todd Baker to third
Batting: RHB Gabriel Camparán 0-0: Ball
1-0: Foul Ball, location: 2F
1-1: Ball
2-1: Called Strike
2-2: Strikes out swinging
Top of the 8th over - 0 runs, 2 hits, 0 errors, 2 left on base; Athletic Club KC 2 - Salt Lake City 2
BOTTOM OF THE 8TH
Salt Lake City Buzz batting - Pitching for Athletic Club KC Reserves : RHP Brenton Jenkins
Pitching: RHP Grant Gremel
Batting: RHB Alexis Hines 0-0: Foul Ball, location: 2F
0-1: Fly out, F6 (Popup, 6, EV 56.9 MPH)
Batting: LHB Glenn Lockhart 0-0: Ball
1-0: Ball
2-0: Ball
3-0: Called Strike
3-1: Called Strike
3-2: Foul Ball, location: 2F
3-2: SINGLE (Line Drive, 78S, EV 89.4 MPH)
Batting: LHB Antoine Studdard 0-0: Fielders Choice at 2nd, 5-4 (Groundball, 5, EV 84.4 MPH)
Batting: RHB Vinnie Nuyten 0-0: Ball
1-0: Ball
2-0: Ball
3-0: Called Strike
3-1: Base on Balls
Antoine Studdard to second
Batting: LHB Doyle Berkey 0-0: Ball
1-0: Foul Ball, location: 2F
1-1: Ball
2-1: Ball
3-1: DOUBLE (Flyball, 8RXD, EV 96.9 MPH)
Antoine Studdard scores
Vinnie Nuyten to third
Batting: RHB César Vélez 0-0: Fly out, F9 (Line Drive, 9D, EV 95.0 MPH)
Bottom of the 8th over - 1 run, 2 hits, 0 errors, 2 left on base; Athletic Club KC 2 - Salt Lake City 3
TOP OF THE 9TH
Athletic Club KC Reserves batting - Pitching for Salt Lake City Buzz : RHP Gary Podell
Pinch Hitting: LHB Héctor Galló 0-0: Called Strike
0-1: Foul Ball, location: 2F
0-2: Ball
1-2: Ball
2-2: Strikes out swinging
Pinch Hitting: LHB Thomas Nealy 0-0: Called Strike
0-1: Ball
1-1: Called Strike
1-2: Strikes out swinging
Batting: SHB Noel Lancaster 0-0: Foul Ball, location: 2F
0-1: Ball
1-1: Ball
2-1: Swinging Strike
2-2: Ball
3-2: Ground out U3 (Groundball, 34, EV 85.6 MPH)
Top of the 9th over - 0 runs, 0 hits, 0 errors, 0 left on base; Athletic Club KC 2 - Salt Lake City 3
Tuesday, January 5th, 2021 - OOTP Baseball 20.8 Build 74